 Dungeon Crawl Stone Soup version 0.28.0-62-gf88900778d (webtiles) character file.

Game seed: 10558906000214291096

263 cbfl8 the Chopper (level 5, 0/47 HPs)
             Began as a Minotaur Fighter on Sept 12, 2023.
             Slain by an orc wizard
             ... wielding a +0 dagger
              (1 damage)
             ... on level 2 of the Dungeon.
             The game lasted 00:00:59 (855 turns).

cbfl8 the Chopper (Minotaur Fighter)                 Turns: 855, Time: 00:00:59

Health: 0/47       AC:  7    Str: 20    XL:     5   Next: 97%
Magic:  4/4        EV:  9    Int:  5    God:
Gold:   45         SH:  5    Dex: 12    Spells: 4/4 levels left

rFire   . . .      SeeInvis .   a - +0 war axe
rCold   . . .      Faith    .   c - +0 buckler
rNeg    . . .      Spirit   .   b - +0 scale mail
rPois   .          Reflect  .   (helmet restricted)
rElec   .          Harm     .   (no cloak)
rCorr   .          Rampage  .   (no gloves)
Will    .....                   (no boots)
Stlth   ..........              (no amulet)
HPRegen 0.15/turn               (no ring)
MPRegen 0.09/turn               (no ring)

@: flying
A: horns 2, retaliatory headbutt
a: no special abilities


You were on level 2 of the Dungeon.
You visited 1 branch of the dungeon, and saw 2 of its levels.

You collected 45 gold pieces.

Inventory:

Hand Weapons
 a - a +0 war axe (weapon)
Armour
 b - a +0 scale mail (worn)
 c - a +0 buckler (worn)
Jewellery
 e - a ring of positive energy
Scrolls
 f - a scroll of blinking {unknown}
Potions
 d - 2 potions of might
 g - a potion of brilliance {unknown}
 i - a potion of flight


   Skills:
 + Level 4.5 Fighting
 + Level 4.9 Axes
 + Level 4.7 Armour
 + Level 4.3 Shields
 * Level 2.1 Evocations


You had 4 spell levels left.
You didn't know any spells.
Your spell library was empty.

Dungeon Overview and Level Annotations

Branches:
Dungeon (2/15)

Altars:


Innate Abilities, Weirdness & Mutations

You have a pair of horns on your head.
You reflexively headbutt those who attack you in melee.


Message History

The orc priest is almost dead.
You closely miss the orc wizard.
The orc priest hits you with a +0 mace of protection.
The orc wizard gestures wildly while chanting.
The orc wizard flickers and vanishes!
Deactivating autopickup; reactivate with Ctrl-A.
You slash the orc priest!
You kill the orc priest!
You slash the orc!
You kill the orc!
You closely miss something. Something hits you but does no damage.
Something hits you.
You miss something. Something hits you.
Unknown command.
You closely miss something. Something completely misses you.
You barely miss something. You block something's attack.
Something hits you but does no damage.
Unknown command.
You hit something but do no damage. Something hits you but does no damage.
You barely miss something. Something hits you.
You miss something.
You hear some strange, mumbled words.
A magic dart appears from out of thin air!
The magic dart hits you!
* * * LOW HITPOINT WARNING * * *
Something hits you.
* * * LOW HITPOINT WARNING * * *
You hit something but do no damage. Something hits you but does no damage.
Unknown command.
You completely miss something. Something hits you but does no damage.
You closely miss something. You block something's attack.
You hit something. Your headbutt misses something.
Something hits you but does no damage.
You miss something. Something hits you but does no damage.
You hear some strange, mumbled words.
A magic dart appears from out of thin air!
The magic dart hits you!
* * * LOW HITPOINT WARNING * * *
You closely miss something. Something hits you.
You die...

....... ....... ....... #......
....... #...... ....... #.[....
..... .......< #....>. .....
###)....... #...... ......
#.@{.......##...... ......
#..)........#......
......######..................
.......##...................<
## #.......#.................
...###.#..####.............####
.........## #.....(...###.##
###.....#####.#...... #..#
#..#...........##### ##.#


There were no monsters in sight!

Vanquished Creatures
  Sigmund (D:2)
  An orc priest (D:2)
  Terence (D:2)
  An adder (D:2)
  A dart slug (D:2)
  3 orcs (D:2)
  2 ball pythons (D:1)
  5 bats
  3 endoplasms
  3 giant cockroaches
  7 goblins
  8 hobgoblins
  3 quokkas
  3 frilled lizards (D:2)
  3 kobolds (D:1)
  2 rats
47 creatures vanquished.

Vanquished Creatures (others)
  3 fungi (D:2)
  4 plants (D:2)
7 creatures vanquished.

Grand Total: 54 creatures vanquished

Notes
Turn   | Place    | Note
-------+----------+-------------------------------------------
     0 | D:1      | cbfl8 the Minotaur Fighter began the quest for the Orb.
     0 | D:1      | Reached XP level 1. HP: 19/19 MP: 0/0
    99 | D:1      | Reached XP level 2. HP: 27/27 MP: 1/1
   474 | D:2      | Reached XP level 3. HP: 33/33 MP: 2/2
   555 | D:2      | Reached skill level 1 in Evocations
   570 | D:2      | Noticed Terence
   572 | D:2      | Killed Terence
   573 | D:2      | Reached XP level 4. HP: 35/40 MP: 3/3
   676 | D:2      | Noticed Sigmund
   684 | D:2      | Killed Sigmund
   685 | D:2      | Reached XP level 5. HP: 37/47 MP: 4/4
   854 | D:2      | HP: 1/47 [something/magic dart (9)]
   855 | D:2      | Slain by an orc wizard

Illustrated notes

Levels and vault maps discovered:
D:1:      amcnicky_arrival_feature_with_door, layout_rooms, item_on_display_a
D:2:      layout_rooms, shapermc_ecumenical_altar_mp_urbaneastern,
          moated_statue, uniq_sigmund, uniq_terence

Skill      XL: |  1  2  3  4 |
---------------+-------------+-----
Fighting       | 4 |  4.5
Armour         | 4 |  4.7
Axes           | 3 4 |  4.9
Evocations     | 1 2 |  2.1
Shields        | 4 |  4.3

Action                   |  1- 3 |  4- 6 || total
-------------------------+-------+-------++-------
Melee: War axe           |    51 |    38 ||    89
       Headbutt          |     5 |     4 ||     9
  Use: Potion            |       |     2 ||     2
Armor: Scale mail        |    27 |    19 ||    46
Dodge: Dodged            |    29 |    15 ||    44
Block: Buckler           |    17 |    11 ||    28
